[Event "Titled Tuesday Blitz December 20 Late 2022"]
[White "Gatterer, Florian"]
[Black "Belenkaya, Dina"]
[WhiteFideId "811688"]
[BlackFideId "24142654"]
[WhiteElo "2218"]
[BlackElo "2209"]
[Result "1-0"]
[Round "08"]
[TimeControl "180+1"]
[Date "2022.12.21"]
[WhiteClock "0:00:06"]
[BlackClock "0:00:02"]

1. d4 Nf6 2. Nf3 d5 3. Bf4 c5 4. e3 Nc6 5. Nbd2 cxd4 6. exd4 Bg4 7. c3 e6 8. Qb3 Qc8 9. Bb5 Be7 10. Ne5 O-O 11. Nxg4 Nxg4 12. Nf3 Na5 13. Qd1 Nc4 14. Qe2 a6 15. Bxc4 Qxc4 16. Qxc4 dxc4 17. h3 Nf6 18. Bg5 b5 19. a3 Bd6 20. Bxf6 gxf6 21. O-O f5 22. Rfe1 Rfe8 23. Ne5 Kg7 24. Kf1 f6 25. Nf3 e5 26. Nh4 Kf7 27. Nxf5 Bc7 28. dxe5 Bxe5 29. Rad1 Rad8 30. g4 Kg6 31. Kg2 h5 32. Kf3 hxg4+ 33. hxg4 Rh8 34. Rxd8 Rxd8 35. Re2 Rd3+ 36. Kg2 Kg5 37. f3 Rd1 38. Ne3 Rb1 39. Nf1 Bf4 40. Ng3 Bxg3 41. Kxg3 Rg1+ 42. Kf2 Rb1 43. Rd2 Kh4 44. Ke3 Kg3 45. Ke4 Re1+ 46. Kf5 Kxf3 47. Kxf6 Kxg4 48. Rd6 Re2 49. Rxa6 Rxb2 50. Ke5 Rb3 51. Kd4 Kf4 52. a4 bxa4 53. Rxa4 Rb8 54. Rxc4 Kf5 55. Rc6 Rd8+ 56. Kc5 Ke4 57. c4 Rd1 58. Re6+ Kf5 59. Rd6 Ke5 60. Rxd1 1-0


[Site "https://www.chess.com"]

[Event "Titled Tuesday Blitz December 20 Late 2022"]
[White "Gomes, Luiz Alexandre de Souza"]
[Black "Janaszak, Dawid"]
[WhiteFideId "2102790"]
[BlackFideId "1119206"]
[WhiteElo "2385"]
[BlackElo "2220"]
[Result "0-1"]
[Round "08"]
[TimeControl "180+1"]
[Date "2022.12.21"]
[WhiteClock "0:00:10"]
[BlackClock "0:00:33"]

1. e4 c5 2. Nf3 Nc6 3. Bb5 e5 4. c3 Nge7 5. O-O g6 6. d3 Bg7 7. Nbd2 O-O 8. Re1 d6 9. Nf1 h6 10. Bd2 Kh7 11. Qe2 f5 12. exf5 gxf5 13. Rad1 Ng6 14. Bc1 Bd7 15. Ng3 Qa5 16. Bc4 Rae8 17. Qc2 Nce7 18. Nh5 Bc6 19. Nxg7 Kxg7 20. Qe2 Nd5 21. g3 Nf6 22. Bb3 Qc7 23. Nd2 b5 24. Nf1 Bb7 25. f3 Qc6 26. Kf2 Ng4+ 27. Kg2 Kh7 28. h3 Nf6 29. Nh2 e4 30. dxe4 fxe4 31. f4 e3+ 32. Nf3 Nh5 33. Bd5 Nhxf4+ 34. gxf4 Nxf4+ 35. Kh2 Nxe2 36. Bxc6 Bxc6 37. Rxe2 Bxf3 38. Rde1 Bxe2 39. Rxe2 Rf2+ 40. Rxf2 exf2 41. Kg2 Re1 0-1


[Site "https://www.chess.com"]

[Event "Titled Tuesday Blitz December 20 Late 2022"]
[White "Gonzalez, Francisco Silva"]
[Black "Bogaudinov, Rushan"]
[WhiteFideId "1512285"]
[BlackFideId "4129288"]
[WhiteElo "2220"]
[BlackElo "2028"]
[Result "0-1"]
[Round "08"]
[TimeControl "180+1"]
[Date "2022.12.21"]
[WhiteClock "0:00:15"]
[BlackClock "0:00:10"]

1. d4 d5 2. c4 e6 3. Nc3 a6 4. cxd5 exd5 5. Qb3 c6 6. e4 dxe4 7. Bc4 Qc7 8. a4 Nf6 9. Bg5 Bf5 10. Nge2 Bg6 11. Ng3 Nbd7 12. a5 Bd6 13. O-O O-O 14. Rfe1 Rfe8 15. Re2 h6 16. Bh4 Re7 17. Qa2 Rae8 18. Rae1 Bh7 19. Nf1 g5 20. Bg3 Bxg3 21. Nxg3 Bg6 22. b4 Qd6 23. Qd2 Kg7 24. Na4 Qf4 25. Qc3 h5 26. Nc5 h4 27. Nf1 Nxc5 28. dxc5 Qe5 29. Qb3 Nd5 30. Ne3 Nf4 31. Rd2 h3 32. g3 Ne6 33. Red1 Qf6 34. Bxe6 Rxe6 35. Rd6 Qf3 36. Qc3+ Kh7 37. Rd7 R6e7 38. R1d6 Rxd7 39. Rxd7 Qe2 40. Rxb7 Rd8 41. Qc1 Rd2 42. Qf1 Qxf1+ 43. Kxf1 Bh5 44. g4 Bg6 45. Rb6 Rb2 46. Ke1 Kg7 47. Nd1 Rb3 48. Kd2 f5 49. Kc2 Rf3 50. gxf5 Bxf5 51. Kd2 e3+ 52. fxe3 Be4 53. Rxa6 g4 54. Ra7+ Kg6 55. Re7 Bd5 56. e4 Kf6 57. exd5 Kxe7 58. dxc6 g3 59. Ke2 Rf6 60. hxg3 h2 61. Nf2 Rxf2+ 62. Kxf2 h1=Q 63. b5 Qc1 64. c7 Qxc5+ 65. Kf3 Qxc7 66. b6 Qb7+ 67. Kf4 Qa6 68. g4 Qxa5 69. b7 Qb4+ 70. Kf5 Qxb7 71. Kg6 Kf8 72. Kh6 Qg7+ 73. Kh5 Qh7+ 74. Kg5 Kg7 75. Kf4 Qh6+ 76. Kf5 Qg6+ 77. Kf4 Qf6+ 78. Ke4 Kg6 79. g5 Qxg5 80. Kd4 Qe7 0-1


[Site "https://www.chess.com"]

[Event "Titled Tuesday Blitz December 20 Late 2022"]
[White "Gubajdullin, Alexei"]
[Black "Ibarra Jerez, Jose Carlos"]
[WhiteFideId "4141202"]
[BlackFideId "2226332"]
[WhiteElo "2251"]
[BlackElo "2638"]
[Result "0-1"]
[Round "08"]
[TimeControl "180+1"]
[Date "2022.12.20"]
[WhiteClock "0:00:03"]
[BlackClock "0:00:13"]

1. d4 Nf6 2. Nf3 g6 3. Bf4 d6 4. e3 Bg7 5. Be2 O-O 6. O-O c5 7. c3 Be6 8. Nbd2 Qb6 9. dxc5 Qxc5 10. Nd4 Bd7 11. Bf3 Nc6 12. N4b3 Qb6 13. Nc4 Qc7 14. Nxd6 exd6 15. Bxd6 Qc8 16. Bxf8 Qxf8 17. Nd4 Ne5 18. Be2 Rc8 19. Qb3 b6 20. a4 Qc5 21. Bb5 h5 22. a5 bxa5 23. Rxa5 Rc7 24. Rfa1 Qb6 25. Ra6 Qc5 26. R6a5 Qb6 27. Bxd7 Nfxd7 28. Qxb6 axb6 29. Ra8+ Kh7 30. R1a7 Rxa7 31. Rxa7 Nc5 32. f4 Nc4 33. b4 Ne4 34. Rxf7 Kg8 35. Rc7 Nxe3 36. Ne6 Bxc3 37. Ng5 Nxg5 38. Rxc3 Nd5 39. Rc8+ Kf7 40. fxg5 Nxb4 41. Kf2 Ke6 42. Rf8 Nd5 43. Ke2 Ke5 44. Kd3 Nf4+ 45. Kc4 Nxg2 46. Rf6 Nh4 47. Kb5 Ke4 48. Kxb6 Nf3 49. Rxg6 Nxh2 50. Rf6 Ng4 51. Rf1 Ne5 52. Rf6 h4 53. g6 Nd7+ 54. Kc7 Nxf6 55. g7 h3 56. Kd6 Kf5 57. Ke7 h2 58. Kf7 h1=Q 59. g8=Q Qb7+ 60. Kf8 Qc8+ 61. Kf7 Qxg8+ 62. Ke7 Qe6+ 63. Kf8 Qe8+ 64. Kg7 Qg8+ 65. Kh6 Qg6# 0-1


[Site "https://www.chess.com"]

[Event "Titled Tuesday Blitz December 20 Late 2022"]
[White "Gurevich, Dmitry"]
[Black "Fernandez De La Vara, Arnaldo"]
[WhiteFideId "2000407"]
[BlackFideId "3518388"]
[WhiteElo "2506"]
[BlackElo "2387"]
[Result "0-1"]
[Round "08"]
[TimeControl "180+1"]
[Date "2022.12.21"]
[WhiteClock "0:00:27"]
[BlackClock "0:01:06"]

1. d4 c5 2. d5 Nf6 3. Nc3 a6 4. a4 d6 5. e4 g6 6. Be2 Bg7 7. Nf3 O-O 8. h3 Nbd7 9. Bf4 Ne8 10. O-O Nc7 11. Nd2 Rb8 12. Nc4 b5 13. Na5 b4 14. Nc6 Qe8 15. Nxb8 Nxb8 16. Nb1 Bxb2 17. Ra2 Bd4 18. Be3 e5 19. Bxd4 exd4 20. Nd2 f5 21. exf5 Bxf5 22. Re1 Qf7 23. Nf3 Nd7 24. g4 Be4 25. Ra1 Ne5 26. Rf1 Nxf3+ 27. Bxf3 Bxf3 28. Qd3 Bxd5 29. f4 Bc4 30. Qe4 Bxf1 31. Rxf1 Nd5 32. f5 Ne3 33. Rf3 gxf5 34. Qf4 Qg6 0-1


[Site "https://www.chess.com"]

[Event "Titled Tuesday Blitz December 20 Late 2022"]
[White "Guzman Moneo, Alberto"]
[Black "Smith, Garrett L"]
[WhiteFideId "2209616"]
[BlackFideId "2024829"]
[WhiteElo "2157"]
[BlackElo "2222"]
[Result "0-1"]
[Round "08"]
[TimeControl "180+1"]
[Date "2022.12.21"]
[WhiteClock "0:01:01"]
[BlackClock "0:00:32"]

1. e4 c5 2. Nf3 Nc6 3. c3 d5 4. exd5 Qxd5 5. d4 Bf5 6. dxc5 Qxd1+ 7. Kxd1 e6 8. Be3 Nf6 9. Bb5 O-O-O+ 10. Kc1 Ng4 11. b4 g6 12. Bxc6 Nxe3 13. Bxb7+ Kxb7 14. fxe3 Bh6 15. Re1 Rd3 16. Nd4 Bxe3+ 17. Kb2 Bxd4 18. cxd4 Rxd4 19. Nc3 Rxb4+ 20. Ka3 Rc4 21. Na4 Bc2 22. Nb2 Rxc5 23. Rac1 Rhc8 24. Re2 a5 25. Na4 Rc4 26. Rcxc2 Rxc2 27. Re5 Rxg2 28. Rxa5 Rxh2 29. Rb5+ Kc6 30. Rc5+ Kb7 31. Rb5+ Ka6 32. Rb6+ Ka7 33. Rd6 Rh3+ 34. Kb4 Rb8+ 35. Ka5 Rh5+ 36. Rd5 Rxd5+ 37. Nc5 Rxc5+ 38. Ka4 Rc6 39. Ka5 Ra6# 0-1


[Site "https://www.chess.com"]

[Event "Titled Tuesday Blitz December 20 Late 2022"]
[White "Han, Yichen"]
[Black "Zhukov, Maksim"]
[WhiteFideId "1054430"]
[BlackFideId "34181790"]
[WhiteElo "2323"]
[BlackElo "1929"]
[Result "1-0"]
[Round "08"]
[TimeControl "180+1"]
[Date "2022.12.21"]
[WhiteClock "0:00:05"]
[BlackClock "0:00:31"]

1. d4 Nf6 2. Nf3 g6 3. c4 Bg7 4. Nc3 O-O 5. e4 d6 6. Be2 e5 7. O-O exd4 8. Nxd4 Re8 9. f3 Nc6 10. Be3 Nh5 11. g3 f5 12. Nxc6 bxc6 13. Bd4 Nf6 14. Bd3 c5 15. Be3 fxe4 16. Nxe4 Nxe4 17. Bxe4 Rb8 18. Rb1 Bf5 19. Bxf5 Rxe3 20. Be4 Bd4 21. Kg2 Rxb2+ 22. Rxb2 Bxb2 23. Qd5+ Kg7 24. Rb1 Qf6 25. Qd2 Qd4 26. Qxb2 Rc3 27. Qf2 Qxc4 28. Rb7 d5 29. Rxc7+ Kf6 30. Qd2 dxe4 31. Qf4+ Ke6 32. Qf7+ Ke5 33. Qf4+ Ke6 34. Rc6+ Ke7 35. Qd6+ Kf7 36. Qf6+ Ke8 37. Rc8+ Kd7 38. Rd8+ Kc7 39. Qd6+ Kb7 40. Rb8# 1-0


[Site "https://www.chess.com"]

[Event "Titled Tuesday Blitz December 20 Late 2022"]
[White "Haydon, David L"]
[Black "Moreno Perez, Tobias Sebastian"]
[WhiteFideId "415405"]
[BlackFideId "186716"]
[WhiteElo "2318"]
[BlackElo "2259"]
[Result "1-0"]
[Round "08"]
[TimeControl "180+1"]
[Date "2022.12.21"]
[WhiteClock "0:01:57"]
[BlackClock "0:01:09"]

1. e4 c6 2. d4 d5 3. Nd2 dxe4 4. Nxe4 Nf6 5. Ng3 h5 6. h4 Bg4 7. Be2 Bxe2 8. N1xe2 g6 9. Bf4 Bg7 10. c3 O-O 11. Qb3 Qb6 12. Be5 Nbd7 13. Bxf6 Bxf6 14. Ne4 Bg7 15. O-O-O Qxb3 16. axb3 Nf6 17. Nc5 b6 18. Nd3 Ne4 19. Rhf1 c5 20. dxc5 bxc5 21. f3 Nd6 22. Nxc5 Nf5 23. Rh1 Ne3 24. Rd7 Rfc8 25. Ne4 Rab8 26. Rxe7 Rxb3 27. Nd2 Nf5 28. Rxf7 Rbxc3+ 29. bxc3 Kxf7 30. Ne4 Ne3 31. Nd6+ 1-0


[Site "https://www.chess.com"]

[Event "Titled Tuesday Blitz December 20 Late 2022"]
[White "Herman, Daniel"]
[Black "monkins"]
[WhiteFideId "30935008"]
[WhiteElo "1897"]
[BlackElo "2245"]
[Result "1-0"]
[Round "08"]
[TimeControl "180+1"]
[Date "2022.12.21"]
[WhiteClock "0:00:39"]
[BlackClock "0:00:01"]

1. e4 c5 2. Nf3 g6 3. d4 cxd4 4. Qxd4 Nf6 5. Nc3 Nc6 6. Qa4 Bg7 7. e5 Ng8 8. Bf4 Nh6 9. h3 O-O 10. O-O-O a6 11. g4 Qa5 12. Qxa5 Nxa5 13. Nd5 Nc6 14. Nb6 Rb8 15. Bg2 Rd8 16. Rhe1 e6 17. Nd2 Kf8 18. Ndc4 Ng8 19. Nd6 Ke7 20. Bg3 g5 21. h4 h6 22. f4 gxf4 23. Bxf4 f6 24. exf6+ Nxf6 25. Bf3 Kf8 26. g5 hxg5 27. hxg5 Ne8 28. Ndxc8 Rbxc8 29. Nxc8 Rxc8 30. Rxd7 Nd4 31. Be4 b5 32. Kb1 Kg8 33. c3 1-0


[Site "https://www.chess.com"]

[Event "Titled Tuesday Blitz December 20 Late 2022"]
[White "Holt, Conrad"]
[Black "Matinian, Nikita"]
[WhiteFideId "2034387"]
[BlackFideId "24129100"]
[WhiteElo "2592"]
[BlackElo "2422"]
[Result "0-1"]
[Round "08"]
[TimeControl "180+1"]
[Date "2022.12.20"]
[WhiteClock "0:00:47"]
[BlackClock "0:00:34"]

1. d4 Nf6 2. c4 e6 3. Nc3 Bb4 4. Qc2 d6 5. e4 c5 6. d5 O-O 7. Bd3 b5 8. Ne2 bxc4 9. Bxc4 exd5 10. exd5 Nbd7 11. O-O Ne5 12. Bb5 Rb8 13. Bg5 h6 14. Bh4 Ng6 15. Bg3 Nh5 16. Ba4 Nxg3 17. hxg3 Ba6 18. Rfd1 Qf6 19. Ne4 Qe5 20. f4 Qe7 21. f5 Ne5 22. f6 gxf6 23. Rf1 Ng4 24. Rf4 f5 25. N4c3 Qe3+ 26. Kh1 Bxc3 27. Rxg4+ fxg4 28. Nxc3 Qxg3 0-1


[Site "https://www.chess.com"]

[Event "Titled Tuesday Blitz December 20 Late 2022"]
[White "Indjic, Aleksandar"]
[Black "Sjugirov, Sanan"]
[WhiteFideId "911925"]
[BlackFideId "4189302"]
[WhiteElo "2616"]
[BlackElo "2613"]
[Result "1/2-1/2"]
[Round "08"]
[TimeControl "180+1"]
[Date "2022.12.20"]
[WhiteClock "0:00:14"]
[BlackClock "0:00:07"]

1. d4 Nf6 2. c4 e6 3. Nc3 Bb4 4. Qc2 O-O 5. Nf3 d5 6. Bg5 h6 7. Bxf6 Qxf6 8. a3 Bxc3+ 9. Qxc3 dxc4 10. Qxc4 Nc6 11. e3 Rd8 12. Qc3 Bd7 13. Bd3 Rac8 14. b4 Ne7 15. O-O Ba4 16. Be4 c6 17. Rac1 Nd5 18. Qa1 Qe7 19. Ne5 f6 20. Ng6 Qf7 21. Bd3 Bb5 22. Qb1 Bxd3 23. Qxd3 e5 24. Nh4 Ne7 25. Nf3 Qe6 26. Qc4 Qxc4 27. Rxc4 exd4 28. Nxd4 Kf7 29. Rfc1 Ra8 30. g3 Rd7 31. a4 Rad8 32. Kg2 Nd5 33. b5 cxb5 34. axb5 Nb6 35. R4c2 Ra8 36. Ra1 h5 37. h4 g6 38. Kf3 a5 39. bxa6 Rxa6 40. Rxa6 bxa6 41. Rc6 Rb7 42. Ne6 Rb8 43. Nc5 a5 44. Rc7+ Kg8 45. Ne4 Nd5 46. Rd7 f5 47. Rxd5 fxe4+ 48. Kxe4 Ra8 49. Rd3 Kf7 50. Ra3 a4 51. Kd4 Ke6 52. e4 Rd8+ 53. Ke3 Ra8 54. f3 Ra7 55. Kf4 Ra8 56. Kg5 Kf7 57. f4 Ra5+ 58. f5 Kg7 59. Rd3 gxf5 60. Rd7+ Kf8 61. exf5 a3 62. Kg6 Ke8 63. Rd1 a2 64. Ra1 Kf8 65. Kxh5 Rxf5+ 66. Kg4 Ra5 67. h5 Kg7 68. Kh4 Kh6 69. g4 Ra4 70. Kg3 Kg5 71. Kf3 Rf4+ 72. Ke3 Rxg4 73. Rxa2 Kxh5 74. Ra5+ Rg5 75. Rxg5+ Kxg5 1/2-1/2


[Site "https://www.chess.com"]

[Event "Titled Tuesday Blitz December 20 Late 2022"]
[White "Itkis, Boris"]
[Black "Kleinman, Michael"]
[WhiteFideId "1209167"]
[BlackFideId "2609479"]
[WhiteElo "2216"]
[BlackElo "2287"]
[Result "1/2-1/2"]
[Round "08"]
[TimeControl "180+1"]
[Date "2022.12.21"]
[WhiteClock "0:00:13"]
[BlackClock "0:00:05"]

1. c4 g6 2. Nf3 Bg7 3. d4 Nf6 4. g3 c6 5. Bg2 d5 6. cxd5 cxd5 7. O-O O-O 8. Nc3 Ne4 9. Bd2 Nc6 10. e3 Nxc3 11. Bxc3 Bf5 12. Rc1 Rc8 13. Qb3 Qd7 14. Rfd1 Be4 15. Ne5 Nxe5 16. Bxe4 Nc4 17. Bg2 Rc7 18. Rc2 Rfc8 19. Rdc1 a5 20. a3 a4 21. Qa2 Qb5 22. Bf1 Qb3 23. Qa1 Nd6 24. Qb1 e6 25. Be2 Ne4 26. Bd1 Qb6 27. Bb4 Rxc2 28. Rxc2 Rc6 29. Qc1 Bf8 30. Rxc6 bxc6 31. Bxf8 Kxf8 32. Bxa4 c5 33. f3 cxd4 34. fxe4 dxe3 35. Kg2 Qd4 36. Qc8+ Kg7 37. Qc3 Qxc3 38. bxc3 dxe4 39. Bb5 Kf6 40. a4 Ke5 41. a5 e2 42. Bxe2 Kd6 43. a6 Kc7 44. Kf2 f5 45. Ke3 e5 46. h4 Kb6 47. Bc4 h6 48. Bf7 g5 49. Bg6 f4+ 50. Kxe4 fxg3 51. Kf3 gxh4 52. Bd3 e4+ 53. Bxe4 Kxa6 54. Bd3+ Kb6 55. Bf1 Kc5 56. Kg4 g2 57. Bxg2 Kc4 58. Kxh4 Kxc3 59. Kh5 Kd2 60. Kxh6 1/2-1/2


[Site "https://www.chess.com"]

[Event "Titled Tuesday Blitz December 20 Late 2022"]
[White "Jaracz, Pawel"]
[Black "Jobava, Baadur"]
[WhiteFideId "1102222"]
[BlackFideId "13601520"]
[WhiteElo "2460"]
[BlackElo "2582"]
[Result "0-1"]
[Round "08"]
[TimeControl "180+1"]
[Date "2022.12.20"]
[WhiteClock "0:00:01"]
[BlackClock "0:00:45"]

1. Nf3 d5 2. b4 Bg4 3. Bb2 Bxf3 4. exf3 e6 5. b5 Nf6 6. Be2 c5 7. O-O Nbd7 8. a4 Bd6 9. g3 O-O 10. c4 Re8 11. d3 Be5 12. Nc3 Bd4 13. Qb3 h5 14. f4 g6 15. Bf3 dxc4 16. dxc4 Rb8 17. a5 h4 18. a6 b6 19. Rad1 e5 20. Ne2 Bxb2 21. Qxb2 Qc7 22. Bc6 h3 23. f5 gxf5 24. Qd2 f4 25. gxf4 Rbd8 26. f5 Kf8 27. Kh1 Ke7 28. Nc3 e4 29. Qg5 Ne5 30. Nd5+ Rxd5 31. Rxd5 Nf3 32. Qg3 Qxg3 33. hxg3 Nxd5 34. Bxe8 Nf6 35. Bc6 Kd6 36. Rd1+ Ke5 37. Rf1 Kxf5 0-1


[Site "https://www.chess.com"]

[Event "Titled Tuesday Blitz December 20 Late 2022"]
[White "Kalajzic, Ivan"]
[Black "Thiel, Thomas"]
[WhiteFideId "14506378"]
[BlackFideId "4615964"]
[WhiteElo "2163"]
[BlackElo "2235"]
[Result "1/2-1/2"]
[Round "08"]
[TimeControl "180+1"]
[Date "2022.12.21"]
[WhiteClock "0:00:28"]
[BlackClock "0:00:47"]

1. d4 Nf6 2. Nc3 d5 3. Bg5 Ne4 4. Nxe4 dxe4 5. Qd2 c5 6. dxc5 Qxd2+ 7. Bxd2 a5 8. c3 a4 9. O-O-O Be6 10. e3 Bxa2 11. Bb5+ Nc6 12. Ne2 e5 13. Ng3 Bb3 14. Nxe4 Bxd1 15. Rxd1 a3 16. b4 Be7 17. c4 a2 18. Kb2 f6 19. Nd6+ Bxd6 20. cxd6 Kd7 21. c5 b6 22. Bc4 a1=Q+ 23. Rxa1 Rxa1 24. Kxa1 bxc5 25. bxc5 Rb8 26. Ka2 Nb4+ 27. Ka3 Nc6 28. Ka4 Ra8+ 29. Kb5 Rb8+ 30. Ka4 Ra8+ 31. Kb5 Rb8+ 32. Ka4 1/2-1/2


[Site "https://www.chess.com"]

[Event "Titled Tuesday Blitz December 20 Late 2022"]
[White "Kamsky, Gata"]
[Black "Caruana, Fabiano"]
[WhiteFideId "2000024"]
[BlackFideId "2020009"]
[WhiteElo "2666"]
[BlackElo "2847"]
[Result "0-1"]
[Round "08"]
[TimeControl "180+1"]
[Date "2022.12.20"]
[WhiteClock "0:00:15"]
[BlackClock "0:00:08"]

1. e4 c5 2. Nf3 Nc6 3. d4 cxd4 4. Nxd4 Nf6 5. Nc3 e5 6. Ndb5 d6 7. Bg5 a6 8. Na3 b5 9. Nd5 Be7 10. Bxf6 Bxf6 11. c4 b4 12. Nc2 a5 13. Be2 O-O 14. O-O Bg5 15. Bg4 Be6 16. b3 g6 17. Bxe6 fxe6 18. Nde3 Nd4 19. Nxd4 exd4 20. Nc2 e5 21. Ne1 Kg7 22. Nd3 Qe7 23. Qe2 Rfb8 24. g3 a4 25. f4 Bf6 26. f5 axb3 27. axb3 Ra3 28. Rab1 Rf8 29. h4 Qa7 30. Kg2 Ra2 31. Rb2 Rxb2 32. Qxb2 Qb7 33. Qe2 Bd8 34. fxg6 Rxf1 35. Kxf1 hxg6 36. Kg2 Qd7 37. Qf3 Qb7 38. Kh3 Qa8 39. Nxb4 Qa1 40. Kg4 Qc1 41. Nd3 Qc2 42. c5 Qxb3 43. Kh3 dxc5 44. Qg4 Qxd3 45. Qd7+ Kh6 46. Qxd8 Qf1+ 47. Kh2 Kg7 48. Qe7+ Qf7 49. Qxe5+ Kh7 50. Qxc5 Qd7 51. Qc2 d3 52. Qd2 Qd4 53. e5 Qe4 54. e6 Qe2+ 0-1


[Site "https://www.chess.com"]

[Event "Titled Tuesday Blitz December 20 Late 2022"]
[White "Kaplan, Avi Harrison"]
[Black "Shapiro, Daniel"]
[WhiteFideId "30934559"]
[BlackFideId "2001780"]
[WhiteElo "1983"]
[BlackElo "2340"]
[Result "1/2-1/2"]
[Round "08"]
[TimeControl "180+1"]
[Date "2022.12.21"]
[WhiteClock "0:00:10"]
[BlackClock "0:00:11"]

1. d4 Nf6 2. c4 e6 3. Nc3 Bb4 4. Bd2 d5 5. Nf3 O-O 6. e3 c6 7. Bd3 b6 8. O-O Bd6 9. e4 dxe4 10. Nxe4 Nxe4 11. Bxe4 Bb7 12. Bxh7+ Kxh7 13. Ng5+ Kg6 14. Qg4 f5 15. Qe2 Rh8 16. f4 c5 17. Qxe6+ Qf6 18. Rae1 Nc6 19. Qd7 Rad8 20. Qxb7 Nxd4 21. Bc3 Bxf4 22. Rxf4 Qxg5 23. Bxd4 cxd4 24. Re7 Qxf4 25. Rxg7+ Kh6 26. Qf7 Qe3+ 27. Kf1 Qd3+ 28. Kf2 Qe3+ 29. Kf1 Qf4+ 30. Kg1 Qe3+ 31. Kf1 1/2-1/2


[Site "https://www.chess.com"]

[Event "Titled Tuesday Blitz December 20 Late 2022"]
[White "Kazakouski, Valery"]
[Black "Sokolovsky, Yahli"]
[WhiteFideId "13507443"]
[BlackFideId "2820242"]
[WhiteElo "2516"]
[BlackElo "2316"]
[Result "1-0"]
[Round "08"]
[TimeControl "180+1"]
[Date "2022.12.20"]
[WhiteClock "0:00:40"]
[BlackClock "0:00:01"]

1. Nf3 d5 2. c4 c6 3. g3 Bg4 4. Bg2 Bxf3 5. Bxf3 e6 6. Qc2 Nd7 7. Bg2 Bd6 8. d3 Ngf6 9. Nd2 O-O 10. Nf3 e5 11. O-O Qe7 12. Nh4 Qe6 13. b3 a5 14. Bb2 a4 15. e3 h6 16. Nf3 Ra6 17. Rab1 axb3 18. axb3 Rfa8 19. Ra1 Qe8 20. h3 Rxa1 21. Rxa1 Rxa1+ 22. Bxa1 Qa8 23. Bc3 Qa3 24. Nd2 Nc5 25. d4 exd4 26. Bxd4 Nfe4 27. Nxe4 dxe4 28. Bxc5 Bxc5 29. Bxe4 Qa1+ 30. Kg2 g6 31. h4 h5 32. Qd3 Qf6 33. Bf3 Qd6 34. Qc2 Kg7 35. Qe4 Qe7 36. Qf4 Qd6 37. Qe4 Qe7 38. Qb1 Qe5 39. b4 Be7 40. Qb3 Bf6 41. b5 cxb5 42. cxb5 b6 43. Bd5 Qc7 44. Qd3 Qc3 45. Qe4 Qe5 46. Qc4 Qc3 47. Bxf7 Qxc4 48. Bxc4 Bc3 49. Be2 Kf6 50. g4 hxg4 51. Bxg4 Be1 52. Be2 Kf5 53. Bd3+ Kf6 54. Kf1 Bc3 55. f4 Kg7 56. Kf2 Kh6 57. Kg3 Bd2 58. e4 Kh5 59. e5 Kh6 60. Kg4 Bb4 61. Bc4 Be7 62. Bf7 Kg7 63. Be8 Bb4 64. h5 gxh5+ 65. Bxh5 Bd2 66. f5 Bc3 67. f6+ Kf8 68. Kf5 Bb4 69. e6 Bc3 70. e7+ 1-0


[Site "https://www.chess.com"]

[Event "Titled Tuesday Blitz December 20 Late 2022"]
[White "Kim, Sergey"]
[Black "Ansh M Shah"]
[WhiteFideId "13700570"]
[BlackFideId "25033379"]
[WhiteElo "2488"]
[BlackElo "2084"]
[Result "1/2-1/2"]
[Round "08"]
[TimeControl "180+1"]
[Date "2022.12.21"]
[WhiteClock "0:00:27"]
[BlackClock "0:00:18"]

1. d4 Nf6 2. c4 e6 3. Nc3 d5 4. Nf3 Be7 5. Bf4 O-O 6. e3 c6 7. c5 Nbd7 8. h3 b6 9. b4 a5 10. a3 Ba6 11. Bxa6 Rxa6 12. O-O Qa8 13. Qb1 Ne4 14. Nxe4 dxe4 15. Nd2 Nf6 16. Nc4 axb4 17. axb4 Rxa1 18. Qxa1 Nd5 19. Qxa8 Rxa8 20. Nxb6 Ra7 21. Nxd5 exd5 22. Rb1 Rb7 23. f3 g5 24. Be5 f6 25. Bg3 f5 26. f4 h6 27. Kf2 Kf7 28. Ke2 Ke6 29. Kd2 Kd7 30. Kc3 Ra7 31. b5 Ra3+ 32. Kc2 cxb5 33. fxg5 Bxg5 34. Rxb5 Rxe3 35. Rb7+ Kc6 36. Rb6+ Kd7 37. Rb7+ Kc8 38. Rb8+ Kd7 39. Rb7+ 1/2-1/2


[Site "https://www.chess.com"]

[Event "Titled Tuesday Blitz December 20 Late 2022"]
[White "Kohler, Aran"]
[Black "Curtis, John"]
[WhiteFideId "1002856"]
[BlackFideId "3200256"]
[WhiteElo "2340"]
[BlackElo "2203"]
[Result "0-1"]
[Round "08"]
[TimeControl "180+1"]
[Date "2022.12.21"]
[WhiteClock "0:01:14"]
[BlackClock "0:01:54"]

1. e4 c5 2. Nf3 d6 3. d4 cxd4 4. Nxd4 Nf6 5. Nc3 a6 6. Bg5 e6 7. f4 Nbd7 8. Qf3 Qc7 9. O-O-O b5 10. Bd3 b4 11. Nce2 Bb7 12. Ng3 g6 13. Rhe1 Be7 14. Bh6 O-O-O 15. Kb1 Kb8 16. Rc1 Rc8 17. Qe2 Nc5 18. e5 Nd5 19. Bg7 Rhg8 20. exd6 Bxd6 21. Be5 Nxf4 22. Bxd6 Qxd6 23. Qe5 Qxe5 24. Rxe5 Ncxd3 25. cxd3 Rxc1+ 0-1


[Site "https://www.chess.com"]

[Event "Titled Tuesday Blitz December 20 Late 2022"]
[White "Krishnan, Varun"]
[Black "Ter-Sahakyan, Samvel"]
[WhiteFideId "5054508"]
[BlackFideId "13302531"]
[WhiteElo "2618"]
[BlackElo "2585"]
[Result "0-1"]
[Round "08"]
[TimeControl "180+1"]
[Date "2022.12.20"]
[WhiteClock "0:01:28"]
[BlackClock "0:01:33"]

1. e4 c6 2. d4 d5 3. exd5 cxd5 4. c4 Nf6 5. Nc3 g6 6. Qb3 Bg7 7. cxd5 O-O 8. Be2 Na6 9. Bf3 Qb6 10. Qxb6 axb6 11. Nge2 Nb4 12. Kd1 Rd8 13. Nf4 Bf5 14. Be3 g5 15. Nh5 Nxh5 16. Bxh5 Nxd5 17. Nxd5 Rxd5 18. Bf3 Rd7 19. Ke2 g4 20. Bxb7 Rxb7 21. a4 Bf6 22. Rhd1 Kg7 23. f3 h5 24. b4 Rba7 25. a5 bxa5 26. b5 Rb7 27. Ra4 Bc2 28. Rc4 Bxd1+ 29. Kxd1 Rxb5 30. fxg4 hxg4 31. Ke2 a4 32. d5 Rxd5 33. Rxg4+ Kh7 34. Rh4+ Bxh4 0-1


[Site "https://www.chess.com"]

[Event "Titled Tuesday Blitz December 20 Late 2022"]
[White "Leitao, Rafael"]
[Black "Fiorito, Joaquin"]
[WhiteFideId "2101246"]
[BlackFideId "180173"]
[WhiteElo "2609"]
[BlackElo "2157"]
[Result "1-0"]
[Round "08"]
[TimeControl "180+1"]
[Date "2022.12.21"]
[WhiteClock "0:01:09"]
[BlackClock "0:01:03"]

1. c4 e6 2. g3 d5 3. Bg2 Nf6 4. Nf3 dxc4 5. Qa4+ Bd7 6. Qxc4 c5 7. Ne5 Nc6 8. Bxc6 Bxc6 9. Nxc6 bxc6 10. Nc3 Be7 11. d3 Qd4 12. Be3 Qxc4 13. dxc4 Nd7 14. O-O-O Rb8 15. b3 f5 16. Rd2 Nb6 17. Bf4 Rc8 18. Kc2 a5 19. a4 Nd7 20. Rhd1 Nf6 21. f3 h6 22. e4 g5 23. Bd6 Rd8 24. e5 Nd7 25. Bc7 1-0


[Site "https://www.chess.com"]

[Event "Titled Tuesday Blitz December 20 Late 2022"]
[White "Makarian, Rudik"]
[Black "Andreikin, Dmitry"]
[WhiteFideId "44105681"]
[BlackFideId "4158814"]
[WhiteElo "2440"]
[BlackElo "2735"]
[Result "1-0"]
[Round "08"]
[TimeControl "180+1"]
[Date "2022.12.20"]
[WhiteClock "0:00:13"]
[BlackClock "0:00:01"]

1. Nf3 Nf6 2. g3 b5 3. Bg2 Bb7 4. d3 e6 5. e4 d6 6. Na3 a6 7. c4 b4 8. Qa4+ Nc6 9. Nc2 a5 10. O-O Nd7 11. Ne3 Nc5 12. Qd1 e5 13. Nd5 Be7 14. h4 Ne6 15. Be3 O-O 16. Qd2 Ncd4 17. Bxd4 exd4 18. Nf4 c5 19. Rae1 Bc8 20. e5 Ra6 21. Nd5 Re8 22. Re2 Bf8 23. Rfe1 h6 24. exd6 Bxd6 25. Ne5 a4 26. Ng4 Bf8 27. Ne5 b3 28. a3 Qa5 29. Qd1 Qd8 30. Re4 Bb7 31. Qh5 g6 32. Qf3 f5 33. R4e2 Ng7 34. g4 Rae6 35. Qg3 Bd6 36. f4 Kh7 37. h5 Bxe5 38. Rxe5 Rxe5 39. hxg6+ Kh8 40. Rxe5 Rxe5 41. fxe5 Qg5 42. e6 Qxg4 43. Qb8+ 1-0


[Site "https://www.chess.com"]